 Dungeon Crawl Stone Soup version 0.24-a0-517-gd52e2fb (webtiles) character file.

Game seed: 8930387183535964865

600440 Spazmo the Sorcerer (level 26, -17/141 HPs)
             Began as a Deep Elf Fire Elementalist on July 21, 2019.
             Was the Champion of Vehumet.
             Hit by a large rock thrown by a stone giant (23 damage)
             ... on level 5 of the Vaults on July 22, 2019.
             The game lasted 05:11:17 (59776 turns).

Spazmo the Sorcerer (Deep Elf Fire Elementalist)   Turns: 59776, Time: 05:11:18

Health: -17/141    AC: 24    Str:  9    XL:     26   Next: 47%
Magic:  36/62      EV: 19    Int: 44    God:    Vehumet [******]
Gold:   5347       SH:  9    Dex: 17    Spells: 5/73 levels left

rFire    + + .     SeeInvis +   B - +8 hand axe of Ponyoto {freeze, rF+ rC+ MP+9 Str+4}
rCold    + + +     Gourm    .   N - +3 buckler {rC+ rF+}
rNeg     + + +     Faith    .   h - +0 robe "Puysus" {rElec Dex+4 Slay+3 SInv}
rPois    ∞         Spirit   .   t - +2 hat {Int+3}
rElec    +         Reflect  .   E - +2 cloak {MR+}
rCorr    .         Harm     .   M - +2 pair of gloves
MR       ++++.                  (no boots)
Stlth    +++++.....             i - amulet of magic regeneration
HPRegen  0.33/turn              X - ring "Hoegh" {+Blink rPois rN+ Int+6 Dex-2}
MPRegen  0.63/turn              P - ring of Robustness {AC+8}

@: lich-form, very slightly contaminated
A: antennae 1, clever 1, electricity resistance, evolution 1
}: 3/15 runes: serpentine, barnacled, slimy
a: End Transformation, Renounce Religion, Evoke Blink


You were on level 5 of the Vaults.
You worshipped Vehumet.
Vehumet was exalted by your worship.
You were not hungry.
You were a lich.
You visited 9 branches of the dungeon, and saw 49 of its levels.
You also visited: Trove, Ice Cave and Wizlab.

You collected 6396 gold pieces.
You spent 1049 gold pieces at shops.

Inventory:

Hand Weapons
 B - the +8 hand axe of Ponyoto (weapon) {freeze, rF+ rC+ MP+9 Str+4}
   (You found it on level 3 of the Depths)

   It has been specially enchanted to freeze those struck by it, causing extra
   injury to most foes and up to half again as much damage against particularly
   susceptible opponents.
   It can also slow down cold-blooded creatures.
   It affects your strength (+4).
   It protects you from fire.
   It protects you from cold.
   It affects your magic capacity (+9).
 O - the +9 staff of Wucad Mu {channel}
   (You took it off a deep elf death mage on level 3 of the Elven Halls)
Missiles
 k - 1702 stones (quivered)
Armour
 h - the +0 robe "Puysus" (worn) {rElec Dex+4 Slay+3 SInv}
   (You found it on level 11 of the Dungeon)

   It affects your dexterity (+4).
   It affects your accuracy and damage with ranged weapons and melee attacks
   (+3).
   It insulates you from electricity.
   It lets you see invisible.
 t - a +2 hat of intelligence (worn)
 E - a +2 cloak of magic resistance (worn)
 M - a +2 pair of gloves (worn)
 N - a +3 buckler of resistance (worn)
Magical Staves
 z - an uncursed staff of conjuration
Jewellery
 i - an amulet of magic regeneration (around neck)
 w - an uncursed ring of protection from magic
 y - the ring of Dacuack {rN+++ Str+2}
   (You found it in a wizard's laboratory)

   [ring of strength]

   It affects your strength (+2).
   It renders you almost immune to negative energy.
 D - the ring "Texal" {rPois rC+ Int+5}
   (You found it on level 1 of the Shoals)

   [ring of protection from cold]

   It affects your intelligence (+5).
   It protects you from cold.
   It protects you from poison.
 J - an uncursed ring of magical power
 P - the ring of Robustness (right hand) {AC+8}
   (You took it off a deep elf annihilator on level 3 of the Elven Halls)

   [ring of protection]

   It affects your AC (+8).
 U - an uncursed ring of protection from fire
 X - the ring "Hoegh" (left hand) {+Blink rPois rN+ Int+6 Dex-2}
   (You bought it in a shop on level 2 of the Orcish Mines)

   [ring of positive energy]

   It affects your intelligence (+6).
   It affects your dexterity (-2).
   It protects you from poison.
   It protects you from negative energy.
   It lets you blink.
 Y - the ring "Faschu Adwisi" {+Inv Str+4 SInv}
   (You found it on level 11 of the Dungeon)

   [ring of see invisible]

   It affects your strength (+4).
   It lets you see invisible.
   It lets you turn invisible.
Wands
 p - a wand of acid (10)
 I - a wand of digging (18)
 R - a wand of iceblast (53)
 S - a wand of disintegration (47)
Scrolls
 b - 5 scrolls of enchant weapon
 f - 8 scrolls of magic mapping
 o - 17 scrolls of remove curse
 q - 5 scrolls of fog
 r - 22 scrolls of identify
 s - 12 scrolls of enchant armour
 x - 4 scrolls of amnesia
 H - 26 scrolls of teleportation
 K - 3 scrolls of blinking
 T - 2 scrolls of fear
Potions
 d - a potion of invisibility
 e - 4 potions of cancellation
 g - a potion of magic
 j - 19 potions of mutation
 l - 6 potions of flight
 m - 6 potions of brilliance
 n - 2 potions of resistance
 v - 19 potions of curing
 A - 5 potions of agility
 C - 3 potions of heal wounds
 Q - 3 potions of haste
Miscellaneous
 F - a crystal ball of energy
Comestibles
 c - 70 rations


   Skills:
 + Level 8.0 Fighting
 + Level 10.0 Dodging
 - Level 12.0 Stealth
 - Level 5.0 Shields
 - Level 24.0 Spellcasting
 - Level 21.0 Conjurations
 - Level 7.0 Charms
 - Level 5.0 Summonings
 - Level 16.0 Necromancy
 - Level 16.0 Translocations
 - Level 14.9 Transmutations
 - Level 21.0 Fire Magic
 - Level 6.0 Air Magic
 - Level 15.0 Earth Magic
 - Level 10.0 Evocations


You had 5 spell levels left.
You knew the following spells:

 Your Spells              Type           Power        Failure   Level  Hunger
a - Bolt of Fire          Conj/Fire      ########..   0%          6    N/A
b - Stone Arrow           Conj/Erth      ######       0%          3    N/A
c - Fire Storm            Conj/Fire      ########..   1%          9    N/A
d - Necromutation         Tmut/Necr      ########..   3%          8    N/A
e - Fireball              Conj/Fire      ########..   0%          5    N/A
f - Ignition              Fire           ########..   1%          8    N/A
g - Deflect Missiles      Chrm/Air       #######...   3%          6    N/A
h - Controlled Blink      Tloc           N/A          3%          8    N/A
j - Iron Shot             Conj/Erth      ########..   1%          6    N/A
k - Spellforged Servitor  Conj/Summ      ########..   1%          7    N/A
l - Blink                 Tloc           N/A          0%          2    N/A

Your spell library contained the following spells:

 Spells                   Type           Power        Failure   Level  Hunger
 Lehudib's Crystal Spear  Conj/Erth      ########..   1%          8    N/A
 Glaciate                 Conj/Ice       #######...   69%         9    N/A
 Animate Skeleton         Necr           N/A          0%          1    N/A
 Apportation              Tloc           ######       0%          1    N/A
 Beastly Appendage        Tmut           ######       0%          1    N/A
 Flame Tongue             Conj/Fire      #####        0%          1    N/A
 Magic Dart               Conj           ####         0%          1    N/A
 Sandblast                Erth           ######       0%          1    N/A
 Shock                    Conj/Air       ####         0%          1    N/A
 Sting                    Conj/Pois      ####         0%          1    N/A
 Corpse Rot               Necr           N/A          0%          2    N/A
 Passwall                 Tmut/Erth      ########     0%          2    N/A
 Searing Ray              Conj           ######       0%          2    N/A
 Sticks to Snakes         Tmut           ########     0%          2    N/A
 Sublimation of Blood     Necr           ########..   0%          2    N/A
 Throw Flame              Conj/Fire      ######       0%          2    N/A
 Throw Frost              Conj/Ice       ######       0%          2    N/A
 Conjure Flame            Conj/Fire      ########     0%          3    N/A
 Dazzling Spray           Conj/Hex       ######       0%          3    N/A
 Gell's Gravitas          Tloc           ########..   0%          3    N/A
 Ignite Poison            Fire/Tmut/Pois ########     0%          3    N/A
 Inner Flame              Hex/Fire       #######.     0%          3    N/A
 Lesser Beckoning         Tloc           ########..   0%          3    N/A
 Mephitic Cloud           Conj/Pois/Air  #######.     0%          3    N/A
 Recall                   Summ/Tloc      N/A          0%          3    N/A
 Static Discharge         Conj/Air       ########     0%          3    N/A
 Teleport Other           Tloc           ########     0%          3    N/A
 Animate Dead             Necr           N/A          0%          4    N/A
 Iskenderun's Mystic Bla  Conj           ########     0%          4    N/A
 Passage of Golubria      Tloc           N/A          0%          4    N/A
 Petrify                  Tmut/Erth      ########     0%          4    N/A
 Sticky Flame             Conj/Fire      ########     0%          4    N/A
 Agony                    Necr           ########     0%          5    N/A
 Bolt of Draining         Conj/Necr      ########..   0%          5    N/A
 Bolt of Magma            Conj/Fire/Erth ########..   0%          5    N/A
 Borgnjor's Vile Clutch   Necr/Erth      ########..   0%          5    N/A
 Dispel Undead            Necr           ########     0%          5    N/A
 Irradiate                Conj/Tmut      ########..   0%          5    N/A
 Lee's Rapid Deconstruct  Erth           ########..   0%          5    N/A
 Confusing Touch          Hex            ######       1%          1    N/A
 Corona                   Hex            ######.      1%          1    N/A
 Summon Butterflies       Summ           #######.     1%          1    N/A
 Summon Small Mammal      Summ           ####         1%          1    N/A
 Call Imp                 Summ           #######.     1%          2    N/A
 Ensorcelled Hibernation  Hex/Ice        ######       1%          2    N/A
 Poisonous Vapours        Pois/Air       ######       1%          2    N/A
 Slow                     Hex            ######..     1%          2    N/A
 Swiftness                Chrm/Air       #######.     1%          2    N/A
 Call Canine Familiar     Summ           #######.     1%          3    N/A
 Confuse                  Hex            ######..     1%          3    N/A
 Portal Projectile        Hex/Tloc       ######       1%          3    N/A
 Spider Form              Tmut/Pois      #######...   1%          3    N/A
 Tukima's Dance           Hex            ######..     1%          3    N/A
 Airstrike                Air            #######...   1%          4    N/A
 Ice Form                 Ice/Tmut       #######.     1%          4    N/A
 Leda's Liquefaction      Hex/Erth       #######...   1%          4    N/A
 Summon Ice Beast         Ice/Summ       ######..     1%          4    N/A
 Summon Lightning Spire   Summ/Air       #######.     1%          4    N/A
 Alistair's Intoxication  Tmut/Pois      #######.     1%          5    N/A
 Blade Hands              Tmut           ########..   1%          5    N/A
 Lightning Bolt           Conj/Air       ########..   1%          5    N/A
 Summon Demon             Summ           #######...   1%          5    N/A
 Summon Forest            Summ/Tloc      #######...   1%          5    N/A
 Yara's Violent Unravell  Hex/Tmut       #######...   1%          5    N/A
 Silence                  Hex/Air        ######....   2%          5    N/A
 Summon Mana Viper        Hex/Summ       ######..     3%          5    N/A
 Metabolic Englaciation   Hex/Ice        ######....   9%          5    N/A
 Conjure Ball Lightning   Conj/Air       ########..   1%          6    N/A
 Death Channel            Necr           ########..   1%          6    N/A
 Freezing Cloud           Conj/Ice/Air   #######...   1%          6    N/A
 Hydra Form               Tmut           ########..   1%          6    N/A
 Poison Arrow             Conj/Pois      #######...   1%          6    N/A
 Simulacrum               Ice/Necr       ########..   1%          6    N/A
 Statue Form              Tmut/Erth      ########.    1%          6    N/A
 Dragon Form              Tmut           ########..   1%          7    N/A
 Orb of Destruction       Conj           ########..   1%          7    N/A
 Ring of Flames           Chrm/Fire      ########..   1%          7    N/A
 Chain Lightning          Conj/Air       ########..   2%          8    N/A
 Haunt                    Necr/Summ      ########..   3%          7    N/A
 Borgnjor's Revivificati  Necr           ########..   3%          8    N/A
 Infestation              Necr           ########..   3%          8    N/A
 Shatter                  Erth           ########..   17%         9    N/A
 Death's Door             Chrm/Necr      ########..   19%         8    N/A
 Summon Hydra             Summ           #######...   34%         7    N/A
 Invisibility             Hex            ######..     43%         6    N/A
 Tornado                  Air            #######...   99%         9    N/A

Dungeon Overview and Level Annotations

Branches:
Dungeon (15/15)            Temple (0/1) D:6            Lair (6/6) D:10
 Shoals (4/4) Lair:4        Snake (4/4) Lair:4        Slime (5/5) Lair:6
    Orc (2/2) D:10            Elf (3/3) Orc:2        Vaults (5/5) D:13
  Crypt (0/3) Vaults:3     Depths (5/5) D:15            Zot (0/5) Depths:5

Altars:
Cheibriados
Fedhas
Gozag
Kikubaaqudgha
Okawaru
Qazlal
Ru
Vehumet
Wu Jian
Xom
Yredelemnul
Beogh

Shops:
D:4 *   D:9 }   D:12 *   Orc:2 %=(!   Elf:1 }   Snake:4 ((*   Vaults:4 *
Depths:3 *   Depths:5 *

Portals:
Hell: Depths:1 Depths:2 Depths:3 Depths:5
Pandemonium: Depths:3
Ziggurat: Depths:2

Annotations:
Snake:2 1 runed translucent door, foolusion's ghost, adept MiBe
Depths:1 3 runed translucent doors, Woluin's ghost, adept MiBe


Innate Abilities, Weirdness & Mutations

You have a pair of small antennae on your head.
Your mind is acute. (Int +2)
You are resistant to electric shocks. (rElec)
You evolve.


Message History

Confirm with . or Enter, or press ? or * to list all spells.
Blink to where?
Press: ? - help, Dir - move target cursor A vault warden comes into view.
It is wielding a +4 broad axe of chopping.
The vault warden shouts!
A hog, a very ugly thing, a deep elf mage, 3 giants, a lich and a zombie come into view.
The hog changes into a golden eye!
The red very ugly thing basks in your mutagenic energy and changes!
The deep elf mage gestures at you while chanting.
The stone arrow hits your fire vortex!
The stone giant throws a large rock.
You block the large rock.
Your fire vortex hits the white very ugly thing.
Your fire vortex burns the white very ugly thing!
Your fire vortex dissipates!
The titan moves out of view.
Found four items.
The stone giant throws a large rock.
The large rock hits you!!
* * * LOW HITPOINT WARNING * * *
The stone giant throws a large rock.
The large rock hits you!!
You die... ... #....# ..[...#..§.# [...).#....# # ......#..).# H#C

.....#[vvv#).C#
....C.[)[[)).#
#####p[vv).[[###
..(..[.[<<(.(...
..L.[[.Lvv<.[[..
...[÷[.u<<..[v..
.....[○e.vv[v...
#####).[[[[.Z###
G.[([[...[.
[[.#))).#..[)
E#)[#)(.)#...)
.÷#..#).).# ..


You could see a white very ugly thing, 2 stone giants, a vault warden, a lich,
an earth elemental (unaware), a hippogriff, a deep elf mage, a golden eye shaped
shifter, a titan zombie and 11 friendly fire vortices.

Vanquished Creatures
  the Royal Jelly (Slime:5)
  Mara (Snake:3)
  A juggernaut (Depths:2)
  An ancient lich (Vaults:5)
  Boris (thrice) (Vaults:2 Vaults:4 Depths:2)
  The ghost of Ehig the Severer, a veteran FoEE of Cheibriados (Vaults:4)
  Vashnia (Snake:4)
  5 caustic shrikes (Depths:5)
  Saint Roka (Vaults:4)
  A golden dragon (Depths:5)
  Nikola (Elf:3)
  A bone dragon (Depths:5)
  A mutant beast (WizLab)
  4 liches
  Asterion (Depths:1)
  3 quicksilver dragons (Vaults:5)
  22 acid blobs
  5 titans
  2 deep elf master archers (Elf:3)
  6 sphinxes
  7 shadow dragons
  The ghost of Papt the Severer, an adept MiFi of Makhleb (Depths:2)
  A kraken (Shoals:3)
  Agnes (Elf:1)
  8 storm dragons
  6 tengu reavers
  Donald (Elf:1)
  Roxanne (Shoals:3)
  11 azure jellies
  10 nagarajas
  7 fire giants
  A draconian knight (Depths:5)
  2 iron dragons
  5 deep elf elementalists
  10 vault wardens
  11 deep elf sorcerers
  6 frost giants
  2 orc warlords
  Aizul (Shoals:2)
  18 ironheart preservers
  A draconian stormcaller (Depths:5)
  4 war gargoyles
  14 very ugly things
  A spriggan defender (Depths:2)
  A reaper (IceCv)
  29 stone giants
  3 entropy weavers
  A draconian annihilator (Depths:5)
  Azrael (D:12)
  A red draconian (Depths:5)
  2 vampire knights (Depths:2)
  8 deep elf demonologists (Elf:3)
  2 white draconians (Depths:5)
  A black draconian (Depths:5)
  2 green draconians (Depths:5)
  The ghost of Nuix the Fighter, a journeyman OpFi of Cheibriados (Shoals:1)
  9 spark wasps
  Snorg (D:10)
  10 deep elf annihilators
  16 ettins
  2 merfolk javelineers
  16 death oozes
  17 great orbs of eyes
  A crystal guardian (Vaults:4)
  6 deep elf death magi
  18 merfolk impalers
  10 fire dragons
  The ghost of Zyosial the Unseen, a journeyman SpAs of Wu Jian (Lair:4)
  7 deep elf high priests
  Harold (D:10)
  21 yaktaur captains
  11 ice dragons
  Fannar (Lair:2)
  15 ogre magi
  5 rakshasas
  4 hydras
  33 vault guards
  6 centaur warriors
  3 alligator snapping turtles
  16 naga warriors
  10 anacondas
  7 merfolk avatars
  4 spriggan air magi
  47 two-headed ogres
  23 dancing weapons
  10 deep troll shamans
  6 merfolk aquamancers
  An alligator (Lair:6)
  6 tengu warriors
  18 deep troll earth magi
  3 death knights
  3 death yaks (Lair:4)
  4 satyrs
  7 orc high priests
  4 spriggan berserkers
  A soul eater (Depths:1)
  23 deep elf knights
  8 shock serpents
  18 naga sharpshooters
  A shock serpent (shapeshifter) (WizLab)
  2 sun demons (Depths:1)
  An iron golem (WizLab)
  5 salamander mystics (Snake:4)
  8 skeletal warriors
  27 deep trolls
  2 iron trolls (Depths:5)
  2 sea snakes (shapeshifter)
  4 wizards
  A shadow demon (Depths:1)
  5 flayed ghosts
  A spark wasp zombie (D:15)
  An unseen horror (shapeshifter) (WizLab)
  4 unseen horrors
  6 glowing orange brains
  12 ironbrand convokers
  A glowing orange brain (shapeshifter) (WizLab)
  9 sea snakes
  An obsidian statue (Depths:1)
  7 large abominations (WizLab)
  3 harpies (shapeshifter)
  16 orc knights
  4 phantasmal warriors
  17 deep elf archers
  6 naga ritualists
  2 orb spiders (shapeshifter)
  22 harpies
  7 necromancers
  A stone giant zombie (Vaults:4)
  74 deep elf magi
  2 wolf spiders
  10 mana vipers
  7 orc sorcerers
  4 lindwurms (Snake:4)
  4 human zombies
  3 tengu skeletons (Vaults:3)
  A frost giant zombie (Depths:3)
  3 fire giant zombies
  21 ugly things
  7 salamanders
  A manticore (shapeshifter) (WizLab)
  3 fauns (shapeshifter)
  A frost giant skeleton (Vaults:3)
  A cyclops (shapeshifter) (WizLab)
  4 cyclopes
  13 fauns
  8 manticores
  6 shining eyes
  16 vault sentinels
  11 guardian serpents
  31 black mambas
  4 elephants (Lair:6)
  4 centaur zombies
  2 ice statues (IceCv)
  An eye of devastation (shapeshifter) (Depths:3)
  17 merfolk sirens
  A guardian serpent (shapeshifter) (Vaults:5)
  5 water nymphs
  2 stone giant skeletons (Vaults:3)
  2 black mambas (shapeshifter)
  23 naga magi
  4 spiny frogs
  3 gargoyles
  4 eyes of devastation
  An orange demon (Depths:1)
  59 yaktaurs
  A kobold demonologist (D:15)
  2 yaktaurs (shapeshifter)
  3 rime drakes
  9 freezing wraiths
  11 ice devils
  A komodo dragon (shapeshifter) (WizLab)
  5 komodo dragons
  A yaktaur skeleton (Vaults:3)
  44 merfolk
  A merfolk (shapeshifter) (Depths:3)
  A queen bee (shapeshifter) (WizLab)
  2 red devils (Depths:1)
  2 tengu conjurers
  A wind drake (shapeshifter) (Depths:3)
  3 jumping spiders (shapeshifter)
  A tengu simulacrum (Vaults:5)
  4 trolls
  A polar bear (shapeshifter) (WizLab)
  A meliai (shapeshifter) (WizLab)
  3 tyrant leeches (Depths:4)
  77 slime creatures
  2 raiju (Lair:6)
  A fire dragon zombie (Depths:1)
  3 wind drakes
  Prince Ribbit (D:7)
  13 polar bears
  3 blink frogs (Lair:4)
  12 hippogriffs
  4 hornets
  2 dream sheep (shapeshifter) (WizLab)
  A blink frog (shapeshifter) (WizLab)
  6 snapping turtles
  A meliai zombie (D:11)
  Sigmund (D:5)
  A frost giant simulacrum (Vaults:3)
  2 redbacks
  2 air elementals (Elf:2)
  2 spriggans (shapeshifter)
  A yak (shapeshifter) (Vaults:5)
  16 water elementals
  A spriggan skeleton (D:15)
  2 tarantellas (shapeshifter) (WizLab)
  3 wraiths
  A spriggan simulacrum (Depths:1)
  4 wyverns
  19 yaks
  3 basilisks
  2 golden eyes (Slime:5)
  6 fire elementals
  6 small abominations (WizLab)
  2 ettin skeletons (Vaults:3)
  A human (shapeshifter) (WizLab)
  2 basilisks (shapeshifter) (WizLab)
  A hungry ghost (D:12)
  9 wargs
  An acid dragon (shapeshifter) (WizLab)
  2 tengu zombies
  2 acid dragons
  34 nagas
  10 water moccasins
  17 hell hounds
  8 floating eyes
  6 porcupines
  2 soldier ants (shapeshifter)
  4 eyes of draining
  2 phantoms
  3 ice beasts
  66 orc warriors
  17 black bears
  2 sky beasts (D:9)
  2 necrophages
  12 boggarts
  49 ogres
  17 wolves
  An ogre (shapeshifter) (WizLab)
  5 centaurs
  6 human skeletons
  11 crocodiles
  6 big kobolds
  23 bullfrogs
  A big kobold (shapeshifter) (D:15)
  5 earth elementals
  A glowing shapeshifter simulacrum (Vaults:2)
  A wyvern zombie (D:8)
  A wyvern skeleton (D:13)
  A scorpion (D:4)
  A scorpion (shapeshifter) (Vaults:2)
  5 killer bees (D:10)
  3 electric eels (D:6)
  7 howler monkeys
  21 crimson imps
  2 bullfrog zombies
  3 hounds
  6 jellies
  38 orc priests
  2 bullfrog skeletons
  7 centaur skeletons
  17 orc wizards
  Crazy Yiuf (D:6)
  3 iron imps
  5 iguanas
  11 worker ants
  5 hound skeletons
  A worker ant zombie (D:7)
  Robin (D:2)
  A howler monkey zombie (D:11)
  16 gnolls
  An adder (shapeshifter) (WizLab)
  9 adders
  3 shadow imps
  10 white imps
  8 ufetubi (IceCv)
  2 oozes (D:1)
  2 adder skeletons
  A worm (D:3)
  A dart slug (D:1)
  3 leopard geckos
  129 orcs
  3 ball pythons
  10 bats
  7 giant cockroaches
  44 goblins
  30 hobgoblins
  12 jackals
  26 kobolds
  6 quokkas
  A frilled lizard (D:4)
  A leopard gecko skeleton (D:5)
  17 rats
  7 plants
2335 creatures vanquished.

Vanquished Creatures (collateral kills)
  An acid blob (Slime:1)
  A shadow dragon (Vaults:5)
  A fire giant (Depths:3)
  A vault warden (Vaults:2)
  A deep elf sorcerer (Elf:3)
  A very ugly thing (Depths:1)
  A centaur warrior (Depths:2)
  An ogre mage (Vaults:4)
  A naga sharpshooter (Snake:3)
  A salamander mystic (Snake:3)
  A deep troll (Vaults:5)
  An ironbrand convoker (Vaults:4)
  A naga ritualist (Snake:2)
  A sea snake (Shoals:2)
  A deep elf mage (Elf:3)
  An orc knight (Vaults:1)
  2 mana vipers (Snake:2)
  A salamander (Snake:2)
  A fire giant skeleton (Depths:3)
  3 black mambas
  A naga mage (Snake:3)
  A yaktaur zombie (D:15)
  A yaktaur (Vaults:3)
  A troll (shapeshifter) (Elf:3)
  A tyrant leech (Depths:4)
  A spriggan (shapeshifter) (Depths:2)
  3 nagas
  A floating eye (shapeshifter) (Depths:2)
  An ogre (Vaults:5)
  2 boggarts
  A human simulacrum (Depths:3)
  A crimson imp (Depths:1)
  An orc priest (Elf:1)
  2 orcs (Vaults:4)
41 creatures vanquished.

Vanquished Creatures (others)
  A deep elf mage (Elf:3)
  A white imp (IceCv)
  4 ufetubi (IceCv)
  5 bushes
  241 fire vortices
  5 fungi
  18 plants
275 creatures vanquished.

Grand Total: 2651 creatures vanquished

Notes
Turn   | Place    | Note
-------+----------+-------------------------------------------
     0 | D:1      | Spazmo the Deep Elf Fire Elementalist began the quest for
                  | the Orb.
     0 | D:1      | Reached XP level 1. HP: 10/10 MP: 6/6
    81 | D:1      | Reached XP level 2. HP: 14/15 MP: 4/8
    85 | D:1      | Learned a level 2 spell: Throw Flame
   423 | D:1      | Reached XP level 3. HP: 19/19 MP: 0/10
   987 | D:2      | Reached skill level 4 in Spellcasting
   992 | D:2      | Learned a level 3 spell: Conjure Flame
  1096 | D:2      | Reached XP level 4. HP: 24/24 MP: 8/12
  1611 | D:2      | Noticed Robin
  1619 | D:2      | Killed Robin
  1779 | D:2      | Found a shimmering altar of Xom.
  1794 | D:2      | Learned a level 4 spell: Sticky Flame
  1909 | D:3      | Reached XP level 5. HP: 28/28 MP: 12/14
  2036 | D:3      | Found an ornate altar of the Wu Jian Council.
  2212 | D:3      | Reached skill level 5 in Spellcasting
  2272 | D:3      | Found an ancient bone altar of Kikubaaqudgha.
  2371 | D:3      | Reached skill level 5 in Fire Magic
  2467 | D:4      | Noticed a phantom
  2510 | D:4      | Killed a phantom
  2510 | D:4      | Reached XP level 6. HP: 23/32 MP: 2/16
  2574 | D:4      | Reached skill level 6 in Spellcasting
  2638 | D:4      | Found Saoj's Assorted Antiques.
  2664 | D:4      | Reached XP level 7. HP: 36/36 MP: 11/18
  2671 | D:4      | Learned a level 5 spell: Fireball
  2798 | D:4      | Reached skill level 5 in Conjurations
  2939 | D:4      | Found a shimmering altar of Xom.
  3065 | D:3      | Reached skill level 7 in Spellcasting
  3292 | D:5      | Entered Level 5 of the Dungeon
  3299 | D:5      | Noticed Sigmund
  3315 | D:5      | Killed Sigmund
  3315 | D:5      | Reached XP level 8. HP: 33/41 MP: 11/21
  3638 | D:5      | Reached skill level 8 in Spellcasting
  3772 | D:6      | Found a radiant altar of Vehumet.
  3791 | D:6      | Became a worshipper of Vehumet
  3865 | D:6      | Found a staircase to the Ecumenical Temple.
  4073 | D:6      | Found a runed translucent door.
  4074 | D:6      | Noticed Crazy Yiuf
  4080 | D:6      | Killed Crazy Yiuf
  4171 | D:6      | Reached skill level 9 in Spellcasting
  4298 | D:6      | Reached * piety under Vehumet
  4298 | D:6      | Offered knowledge of Sting by Vehumet.
  4649 | D:6      | Reached ** piety under Vehumet
  4649 | D:6      | Offered knowledge of Sandblast by Vehumet.
  4679 | D:6      | Learned a level 1 spell: Sandblast
  4821 | D:6      | Reached XP level 9. HP: 45/45 MP: 14/24
  5215 | D:7      | Reached skill level 1 in Earth Magic
  5255 | D:7      | Offered knowledge of Mephitic Cloud by Vehumet.
  5401 | D:7      | Found a blossoming altar of Fedhas.
  5656 | D:7      | Noticed Prince Ribbit
  5665 | D:7      | Killed Prince Ribbit
  5665 | D:7      | Reached *** piety under Vehumet
  5736 | D:7      | Reached skill level 10 in Spellcasting
  5932 | D:7      | Found an opulent altar of Gozag.
  6124 | D:7      | Found an ornate altar of the Wu Jian Council.
  6529 | D:8      | Offered knowledge of Ignite Poison by Vehumet.
  6683 | D:8      | Identified the +5 whip of Recklessness {pain, Str+4 Int+2
                  | Stlth+}
  6795 | D:8      | Reached XP level 10. HP: 48/50 MP: 9/26
  6894 | D:8      | Reached **** piety under Vehumet
  6905 | D:8      | Found a stormy altar of Qazlal.
  7086 | D:8      | Found a snail-covered altar of Cheibriados.
  7236 | D:9      | Offered knowledge of Stone Arrow by Vehumet.
  7241 | D:9      | Learned a level 3 spell: Stone Arrow
  7529 | D:9      | Reached skill level 11 in Spellcasting
  7570 | D:9      | Reached skill level 1 in Shields
  7609 | D:9      | Found Ynaohif's Gadget Emporium.
  7750 | D:9      | Identified a scroll of acquirement
  7770 | D:10     | Entered Level 10 of the Dungeon
  7799 | D:10     | Reached skill level 5 in Earth Magic
  8100 | D:10     | Noticed Harold
  8109 | D:10     | Killed Harold
  8219 | D:10     | Found a staircase to the Lair.
  8296 | D:10     | Reached skill level 10 in Fire Magic
  8448 | D:10     | Noticed Snorg
  8461 | D:10     | Killed Snorg
  8543 | D:10     | Found a staircase to the Orcish Mines.
  8600 | D:10     | Noticed a two-headed ogre
  8610 | D:10     | Killed a two-headed ogre
  8610 | D:10     | Reached skill level 10 in Conjurations
  8610 | D:10     | Reached XP level 11. HP: 19/54 MP: 23/28
  8769 | D:10     | Noticed a two-headed ogre
  8783 | D:10     | Killed a two-headed ogre
  8783 | D:10     | Reached skill level 12 in Spellcasting
  8800 | D:10     | Noticed a tengu warrior
  8810 | D:10     | Killed a tengu warrior
  8959 | Lair:1   | Entered Level 1 of the Lair of Beasts
 10109 | Lair:1   | Reached ***** piety under Vehumet
 10109 | Lair:1   | Reached skill level 13 in Spellcasting
 10294 | Lair:2   | Offered knowledge of Venom Bolt by Vehumet.
 10295 | Lair:2   | Reached skill level 5 in Shields
 10442 | Lair:2   | Noticed Fannar
 10467 | Lair:2   | Killed Fannar
 10531 | Lair:2   | Reached skill level 14 in Spellcasting
 10716 | Lair:2   | Reached skill level 1 in Fighting
 10757 | Lair:2   | You fall into a shaft and drop 1 floor!
 11357 | Lair:2   | Reached XP level 12. HP: 27/62 MP: 29/32
 11792 | Lair:3   | Reached skill level 5 in Dodging
 12116 | Lair:4   | Found a staircase to the Snake Pit.
 12180 | Lair:4   | Found a runed translucent door.
 12251 | Lair:4   | Noticed Zyosial's ghost (journeyman SpAs)
 12653 | Lair:4   | Noticed a death yak
 12662 | Lair:4   | Noticed a death yak
 12668 | Lair:4   | Noticed a death yak
 12685 | Lair:4   | Killed a death yak
 12702 | Lair:4   | Killed a death yak
 12719 | Lair:4   | Killed a death yak
 13072 | Lair:4   | Found a staircase to the Shoals.
 13077 | Lair:4   | Reached skill level 5 in Fighting
 13475 | Lair:5   | Got a smoking crystal plate armour
 13605 | Lair:5   | Identified the +5 crystal plate armour of Beogh's Supremacy
                  | {rN+} (You acquired it on level 5 of the Lair of Beasts)
 13680 | Lair:5   | Noticed a six-headed hydra
 13700 | Lair:5   | Killed a six-headed hydra
 14488 | Lair:6   | Entered Level 6 of the Lair of Beasts
 14992 | Lair:6   | Reached skill level 10 in Dodging
 14992 | Lair:6   | Reached XP level 13. HP: 61/76 MP: 8/33
 15585 | Lair:6   | Offered knowledge of Bolt of Fire by Vehumet.
 15593 | Lair:6   | Learned a level 6 spell: Bolt of Fire
 16394 | Lair:6   | Found a staircase to the Slime Pits.
 17286 | Orc:1    | Entered Level 1 of the Orcish Mines
 17314 | Orc:1    | Offered knowledge of Bolt of Cold by Vehumet.
 18432 | Orc:1    | Found a roughly hewn altar of Beogh.
 18450 | Orc:2    | Entered Level 2 of the Orcish Mines
 18551 | Orc:2    | Offered knowledge of Bolt of Magma by Vehumet.
 18562 | Orc:2    | Learned a level 5 spell: Bolt of Magma
 19471 | Orc:2    | Noticed an orc warlord
 19477 | Orc:2    | Killed an orc warlord
 19715 | Orc:2    | Reached XP level 14. HP: 84/84 MP: 16/34
 19854 | Orc:2    | Found a roughly hewn altar of Beogh.
 19908 | Orc:2    | Found Bocan's Jewellery Shoppe.
 20029 | Orc:2    | Offered knowledge of Iron Shot by Vehumet.
 20038 | Orc:2    | Learned a level 6 spell: Iron Shot
 20129 | Orc:2    | Found Foirui's Food Shop.
 20564 | Orc:2    | Found a staircase to the Elven Halls.
 20745 | Orc:2    | Found a roughly hewn altar of Beogh.
 21067 | Orc:2    | Found Fexziam's Distillery.
 21082 | Orc:2    | Reached skill level 15 in Spellcasting
 21096 | Orc:2    | Found Ypseng's Antique Weapon Shop.
 21111 | Orc:2    | Bought a potion of heal wounds for 55 gold pieces
 21455 | Orc:2    | Bought the ring "Hoegh" {+Blink rPois rN+ Int+6 Dex-2} for
                  | 559 gold pieces
 21681 | D:11     | Got a scorched bone ring
 21682 | D:11     | Identified the ring "Faschu Adwisi" {+Inv Str+4 SInv} (You
                  | found it on level 11 of the Dungeon)
 22405 | D:11     | Got a fine robe
 22406 | D:11     | Identified the +0 robe "Puysus" {rElec Dex+4 Slay+3 SInv}
                  | (You found it on level 11 of the Dungeon)
 22661 | D:12     | Offered knowledge of Spellforged Servitor by Vehumet.
 22670 | D:12     | Learned a level 7 spell: Spellforged Servitor
 22741 | D:12     | Found a frozen archway.
 22823 | IceCv    | Entered an ice cave
 23362 | IceCv    | Noticed a reaper
 23366 | IceCv    | Killed a reaper
 23683 | D:12     | Noticed Azrael
 23769 | D:12     | Killed Azrael
 24020 | D:12     | Reached ****** piety under Vehumet
 24185 | D:12     | Found Ulerit's General Store.
 24250 | D:12     | Offered knowledge of Ozocubu's Refrigeration by Vehumet.
 25116 | D:13     | Found a sacrificial altar of Ru.
 25335 | D:13     | Reached XP level 15. HP: 88/88 MP: 29/36
 25417 | D:13     | Learned a level 2 spell: Blink
 25456 | D:13     | Found a gate to the Vaults.
 25931 | D:14     | Reached skill level 16 in Spellcasting
 26798 | D:15     | Entered Level 15 of the Dungeon
 26813 | D:15     | Offered knowledge of Lehudib's Crystal Spear by Vehumet.
 26813 | D:15     | Offered knowledge of Fire Storm by Vehumet.
 26813 | D:15     | Offered knowledge of Glaciate by Vehumet.
 26931 | D:15     | Reached skill level 17 in Spellcasting
 27701 | D:15     | Found a staircase to the Depths.
 28001 | Snake:1  | Entered Level 1 of the Snake Pit
 28003 | Snake:1  | Reached skill level 1 in Summonings
 28078 | Lair:4   | Killed Zyosial's ghost
 28618 | Snake:1  | Reached skill level 15 in Fire Magic
 28635 | Snake:1  | Reached skill level 15 in Conjurations
 29573 | Snake:2  | Reached XP level 16. HP: 86/93 MP: 11/39
 29612 | Snake:2  | Learned a level 8 spell: Ignition
 29687 | Snake:2  | Reached skill level 5 in Summonings
 29851 | Snake:2  | Found a runed translucent door.
 29856 | Snake:2  | Noticed foolusion's ghost (adept MiBe)
 31195 | Snake:3  | Noticed Mara
 31202 | Snake:3  | Killed Mara
 31879 | Shoals:1 | Entered Level 1 of the Shoals
 32526 | Shoals:1 | Found a large runed translucent door.
 32526 | Shoals:1 | Found a large runed translucent door.
 32530 | Shoals:1 | Noticed Nuix's ghost (journeyman OpFi)
 32552 | Shoals:1 | Killed Nuix's ghost
 32567 | Shoals:1 | Got a brightly glowing lead ring
 32568 | Shoals:1 | Identified the ring "Texal" {rPois rC+ Int+5} (You found it
                  | on level 1 of the Shoals)
 32894 | Shoals:2 | Noticed Aizul
 32932 | Shoals:2 | Killed Aizul
 33284 | Shoals:2 | Reached XP level 17. HP: 97/97 MP: 34/40
 34213 | Shoals:3 | Identified Roxanne's Collected Works on Earth
 34213 | Shoals:3 | Noticed Roxanne
 34359 | Shoals:3 | Killed Roxanne
 34359 | Shoals:3 | Reached XP level 18. HP: 103/103 MP: 17/41
 35346 | Snake:4  | Entered Level 4 of the Snake Pit
 35346 | Snake:4  | Found Ovolev's Assorted Antiques.
 35414 | Snake:4  | Bought a ruby ring for 195 gold pieces
 35602 | Snake:4  | Found Rudite's Antique Weapon Shoppe.
 35747 | Snake:4  | Found Wosecs's Weapon Shoppe.
 35821 | Snake:4  | Identified the +7 quarterstaff "Zobyihexoe" {antimagic,
                  | *Drain rPois rN+ SInv}
 36165 | Snake:4  | Noticed Vashnia
 36206 | Snake:4  | HP: 4/103 [Vashnia/arrow (21)]
 36207 | Snake:4  | Killed Vashnia
 36605 | Snake:4  | Found a basalt altar of Yredelemnul.
 37471 | Snake:4  | Reached XP level 19. HP: 107/107 MP: 40/42
 37914 | Snake:4  | Got a serpentine rune of Zot
 38182 | Shoals:4 | Entered Level 4 of the Shoals
 40276 | Shoals:4 | Learned a level 9 spell: Fire Storm
 40385 | Shoals:4 | Got a barnacled rune of Zot
 40697 | Vaults:1 | Entered Level 1 of the Vaults
 41536 | Vaults:1 | Reached XP level 20. HP: 98/112 MP: 35/43
 42031 | Vaults:1 | Reached skill level 18 in Spellcasting
 42452 | Vaults:2 | Reached skill level 19 in Spellcasting
 42599 | Vaults:2 | Reached skill level 20 in Spellcasting
 42618 | Vaults:2 | Learned a level 8 spell: Necromutation
 42625 | Vaults:2 | Reached skill level 1 in Necromancy
 42628 | Vaults:2 | Reached skill level 1 in Transmutations
 42964 | Vaults:2 | Noticed Boris
 42967 | Vaults:2 | Killed Boris
 43477 | Vaults:2 | Reached skill level 5 in Necromancy
 43482 | Vaults:2 | Got a shimmering great mace
 43483 | Vaults:2 | Identified the +8 great mace of Spores {antimagic, MR++
                  | MP-9} (You found it on level 2 of the Vaults)
 43517 | Vaults:2 | You fall into a shaft and drop 1 floor!
 43518 | Vaults:3 | Reached skill level 5 in Transmutations
 43720 | Vaults:3 | Got an ichor-stained hunting sling
 43722 | Vaults:3 | Identified the +6 hunting sling of Lowkys {venom, Stlth+}
                  | (You found it on level 3 of the Vaults)
 44092 | Vaults:3 | Reached XP level 21. HP: 92/117 MP: 31/47
 44782 | Vaults:3 | Found a staircase to the Crypt.
 44963 | Vaults:2 | Reached skill level 10 in Necromancy
 45095 | Vaults:4 | Found a ruined gateway.
 45110 | Vaults:4 | Noticed Saint Roka
 45280 | Vaults:4 | Found a portal to a secret trove of treasure.
 45350 | Vaults:4 | Found a runed translucent gate.
 45350 | Vaults:4 | Found a runed translucent gate.
 45350 | Vaults:4 | Found a runed translucent gate.
 45350 | Vaults:4 | Noticed Ehig's ghost (veteran FoEE)
 45352 | Vaults:4 | Found an iron altar of Okawaru.
 45365 | Vaults:4 | Killed Ehig's ghost
 45365 | Vaults:4 | Reached skill level 10 in Transmutations
 45386 | Vaults:4 | Got a pitted morningstar
 45387 | Vaults:4 | Identified the +10 morningstar of Invincibility {venom,
                  | rN++ MR++ Int-2} (You found it on level 4 of the Vaults)
 45390 | Vaults:4 | Got a faintly humming robe
 45391 | Vaults:4 | Identified the +1 robe "Jian" {+Blink Str+5} (You found it
                  | on level 4 of the Vaults)
 45636 | Vaults:4 | Killed Saint Roka
 45849 | Vaults:4 | Noticed Boris
 45877 | Vaults:4 | Killed Boris
 46290 | Vaults:4 | Found Hiyx's General Store.
 46301 | Vaults:4 | Bought an uncursed ring of magical power for 240 gold
                  | pieces
 46315 | Vaults:4 | Learned a level 6 spell: Deflect Missiles
 46406 | Vaults:4 | Reached skill level 1 in Charms
 46407 | Vaults:4 | Reached skill level 1 in Air Magic
 47325 | Slime:1  | Entered Level 1 of the Pits of Slime
 47333 | Slime:1  | Reached XP level 22. HP: 117/122 MP: 22/48
 47569 | Slime:1  | Reached skill level 5 in Charms
 47808 | Slime:4  | Reached skill level 5 in Air Magic
 47865 | Slime:5  | Entered Level 5 of the Pits of Slime
 47948 | Slime:5  | Noticed the Royal Jelly
 47951 | Slime:5  | Killed the Royal Jelly
 48147 | Slime:5  | Got an ancient falchion
 48148 | Slime:5  | Identified the +0 falchion of Puajulil {elec, rElec Str-2
                  | Int+4} (You found it on level 5 of the Pits of Slime)
 48208 | Slime:5  | Got a slimy rune of Zot
 48254 | Slime:5  | Got a fine rapier
 48255 | Slime:5  | Identified the +9 rapier "Maajua" {flame, rPois MR- Str+4
                  | Dex+2} (You found it on level 5 of the Pits of Slime)
 48322 | Slime:5  | Gained mutation: Potions are less effective at restoring
                  | your health. [a shining eye]
 48324 | Slime:5  | Gained mutation: Your body sometimes deteriorates upon
                  | taking damage. [a shining eye]
 48327 | Slime:5  | Gained mutation: You evolve. [a shining eye]
 48330 | Slime:5  | Gained mutation: You are resistant to electric shocks.
                  | (rElec) [a shining eye]
 48331 | Slime:5  | Gained mutation: Your magical capacity is low. (-10% MP) [a
                  | shining eye]
 48737 | Vaults:4 | You showed the slimy rune of Zot to enter a treasure trove
 48738 | Trove    | Entered a treasure trove
 48751 | Trove    | Identified Ocwesch's Almanac of Evil Magic and Damage
                  | Dealing
 48774 | Trove    | Identified the Grimoire of Destructive Creation
 48794 | Trove    | Identified Sif Muna's Reference Book on Cloudy Evil
 48797 | Trove    | Identified the Incunabulum of the Arsonist
 48803 | Trove    | Identified Sif Muna's Collected Works on Blows and Bruises
                  | and Black Rituals
 48848 | Vaults:3 | Gained mutation: Your flesh is cold resistant. (rC+)
                  | [evolution]
 48882 | Vaults:1 | Lost mutation: Potions are less effective at restoring your
                  | health. [potion of mutation]
 48882 | Vaults:1 | Lost mutation: Your body sometimes deteriorates upon taking
                  | damage. [potion of mutation]
 48882 | Vaults:1 | Lost mutation: Your flesh is cold resistant. (rC+) [potion
                  | of mutation]
 48882 | Vaults:1 | Gained mutation: You are partially covered in slimy green
                  | scales. (AC +2) [potion of mutation]
 48882 | Vaults:1 | Gained mutation: You are partially covered in molten
                  | scales. (AC +2) [potion of mutation]
 48883 | Vaults:1 | Gained mutation: You rapidly evolve. [potion of mutation]
 48884 | Vaults:1 | Lost mutation: You are partially covered in slimy green
                  | scales. (AC +2) [potion of mutation]
 48884 | Vaults:1 | Lost mutation: You rapidly evolve. [potion of mutation]
 48884 | Vaults:1 | Lost mutation: Your magical capacity is low. (-10% MP)
                  | [potion of mutation]
 48884 | Vaults:1 | Lost mutation: You are partially covered in molten scales.
                  | (AC +2) [potion of mutation]
 48884 | Vaults:1 | Gained mutation: You have a pair of small antennae on your
                  | head. [potion of mutation]
 48884 | Vaults:1 | Gained mutation: Your mind is acute. (Int +2) [potion of
                  | mutation]
 48969 | Depths:1 | Entered Level 1 of the Depths
 49225 | Depths:1 | Found a runed translucent gate.
 49225 | Depths:1 | Found a runed translucent gate.
 49226 | Depths:1 | Found a runed translucent gate.
 49226 | Depths:1 | Noticed Woluin's ghost (adept MiBe)
 49267 | Depths:1 | Reached skill level 15 in Necromancy
 49788 | Depths:1 | Found a gateway to Hell.
 49843 | Depths:1 | Noticed Asterion
 49845 | Depths:1 | Killed Asterion
 50478 | Depths:2 | Reached XP level 23. HP: 127/127 MP: 46/49
 50505 | Depths:2 | Noticed Boris
 50510 | Depths:2 | Killed Boris
 50602 | Depths:2 | Found a runed translucent gate.
 50602 | Depths:2 | Found a runed translucent gate.
 50602 | Depths:2 | Found a runed translucent gate.
 50604 | Depths:2 | Noticed Papt's ghost (adept MiFi)
 50610 | Depths:2 | Killed Papt's ghost
 50717 | Depths:2 | Got an iridescent battleaxe
 50718 | Depths:2 | Identified the +4 battleaxe "Etwif" {freeze, MR+ Str+3
                  | Dex+6} (You found it on level 2 of the Depths)
 50790 | Depths:2 | Reached skill level 21 in Spellcasting
 50845 | Depths:2 | Found a gateway to a ziggurat.
 51040 | Depths:2 | Noticed a juggernaut
 51053 | Depths:2 | Killed a juggernaut
 51105 | Depths:2 | Reached skill level 22 in Spellcasting
 51864 | Depths:3 | Reached skill level 23 in Spellcasting
 51867 | Depths:3 | Found Zetyikamp's Assorted Antiques.
 51879 | Depths:3 | Reached skill level 1 in Evocations
 52097 | Depths:3 | Reached skill level 5 in Stealth
 52156 | Depths:3 | Identified the Tome of Dusty Envenoming
 52161 | Depths:3 | Got a smoking mace
 52162 | Depths:3 | Identified the +7 mace "Efysch" {freeze, Int+4} (You found
                  | it on level 3 of the Depths)
 52189 | Depths:3 | Identified the Catalogue of Warped Transformation
 52231 | Depths:3 | Found a one-way gate leading to the halls of Pandemonium.
 52679 | Depths:3 | Got a jewelled hand axe
 52680 | Depths:3 | Identified the +8 hand axe of Ponyoto {freeze, rF+ rC+ MP+9
                  | Str+4} (You found it on level 3 of the Depths)
 52809 | Depths:4 | Reached skill level 5 in Evocations
 52945 | Depths:4 | Reached XP level 24. HP: 132/132 MP: 16/52
 53222 | Depths:4 | You fall into a shaft and drop 1 floor!
 53222 | Depths:5 | Entered Level 5 of the Depths
 53661 | Depths:5 | Reached skill level 10 in Stealth
 53907 | Depths:5 | Reached skill level 10 in Evocations
 53990 | Depths:5 | Found Etzem's Serpentskin Sales.
 54066 | Depths:5 | Found a gate to the Realm of Zot.
 54092 | Depths:5 | Learned a level 8 spell: Controlled Blink
 54815 | Elf:1    | Entered Level 1 of the Elven Halls
 54941 | Elf:1    | Noticed Donald
 54943 | Elf:1    | Killed Donald
 55033 | Elf:1    | Noticed Agnes
 55035 | Elf:1    | Killed Agnes
 55037 | Elf:1    | Reached skill level 10 in Earth Magic
 55182 | Elf:1    | Found Roddefoeq's Gadget Shop.
 55752 | Elf:2    | Found a magical portal.
 55803 | WizLab   | Entered Cigotuvi's Fleshworks
 56111 | WizLab   | Reached skill level 24 in Spellcasting
 56123 | WizLab   | Reached skill level 1 in Translocations
 56248 | WizLab   | Got a steaming silver ring
 56249 | WizLab   | Identified the ring of Dacuack {rN+++ Str+2} (You found it
                  | in a wizard's laboratory)
 56277 | WizLab   | Reached XP level 25. HP: 136/136 MP: 53/53
 56509 | WizLab   | Identified Cigotuvi's Tome of Dark Shape Shifting
 56512 | WizLab   | Identified Araollaro's Grimoire of Moulding
 56655 | Elf:2    | Found a runed translucent gate.
 56655 | Elf:2    | Found a runed translucent gate.
 56807 | Elf:2    | Reached skill level 5 in Translocations
 56972 | Elf:2    | Found a runed translucent gate.
 57512 | Elf:3    | Entered Level 3 of the Elven Halls
 57564 | Elf:3    | Noticed Nikola
 57568 | Elf:3    | Killed Nikola
 57976 | Elf:3    | Identified the amulet of Dishonour {Faith rElec rC- Dex+3}
                  | (You took it off a deep elf sorcerer on level 3 of the
                  | Elven Halls)
 58061 | Elf:3    | Found the +6 lightning scales {run, rElec}
 58061 | Elf:3    | Identified the cursed +3 great mace of Red Wine {venom,
                  | *Drain rN+ Int+5}
 58061 | Elf:3    | Identified the cursed +0 leather armour of Light {rElec
                  | Str+4}
 58071 | Elf:3    | Identified the Incunabulum of Dislocation and
                  | Transformation
 58074 | Elf:3    | Identified the Guide on Sinister Magic
 58079 | Elf:3    | Identified the Papyrus of Creative Confrontation
 58099 | Elf:3    | Got a brightly glowing hunting sling
 58100 | Elf:3    | Identified the +4 hunting sling of Capital Punishment
                  | {flame, rN+ Str+6} (You found it on level 3 of the Elven
                  | Halls)
 58104 | Elf:3    | Identified Baughaef's Handbook of Execration
 58109 | Elf:3    | Got a pitted arbalest
 58110 | Elf:3    | Identified the +4 arbalest of Rojopuly {velocity, rF++}
                  | (You found it on level 3 of the Elven Halls)
 59316 | Vaults:5 | Entered Level 5 of the Vaults
 59317 | Vaults:5 | Reached skill level 10 in Translocations
 59328 | Vaults:5 | Reached skill level 15 in Earth Magic
 59336 | Vaults:5 | Noticed an ancient lich
 59344 | Vaults:5 | Killed an ancient lich
 59344 | Vaults:5 | Reached XP level 26. HP: 141/141 MP: 4/53
 59763 | Vaults:5 | Reached skill level 15 in Translocations
 59776 | Vaults:5 | HP: 6/141 [stone giant/large rock (35)]
 59776 | Vaults:5 | Hit by a large rock thrown by a stone giant

Levels and vault maps discovered:
D:1:      dpeg_arrival_fog, layout_rooms, serial_rivers,
          chequers_serial_rivers_large_b, chequers_serial_rivers_micro_a,
          chequers_serial_rivers_micro_e, chequers_serial_rivers_small_b,
          minmay_door_square
D:2:      layout_basic, overflow_temple_1_default, nrook_mini_backslash,
          uniq_robin
D:3:      layout_loops_ring, lemuel_coloured_pillars_altar, lemuel_crystal_altar
D:4:      layout_basic, first_ration, serial_shops, nicolae_shop_behind_doors,
          corner_web_ring, led_xom_imps
D:5:      layout_cave_pools, patterned_corridor, uniq_sigmund
D:6:      minmay_goblin_kobold_castle, layout_cave_pools, vehumet_altar_wand_db,
          minmay_temple_entry_mist, uniq_crazy_yiuf_cottage
D:7:      layout_loops_corners, nicolae_gozag_cash_rules_everything_around_me,
          fedhas_altar_2, basic_altar, uniq_prince_ribbit1
D:8:      layout_rooms, nicolae_overflow_hidden_temple,
          nicolae_overflow_crystal_walls, minmay_strange_pillars
D:9:      layout_basic, serial_shops, shop
D:10:     layout_cross, lair_entry_dummy, orc_0_dummy, grunt_tengu_nest,
          uniq_harold, uniq_snorg
D:11:     layout_basic
D:12:     layout_stronghold, portal_ice_cave_entry_pillars_2, serial_shops,
          nicolae_shop_statue_plus, uniq_azrael
D:13:     layout_loops_corners, hangedman_vaults_entry_quadrant_bands,
          kennysheep_cross_bottleneck, minmay_misc_feat_roman,
          serial_bayou_pond_c, nicolae_ru_the_path_less_chosen
D:14:     layout_loops_ring, serial_bayou_pond_b
D:15:     gammafunk_depths_entry_grave, layout_cave_pools, serial_park,
          serial_park_square1 [serial_park_minivault_5x5_4]
Lair:1:   beast_lair_carwin_large_2, layout_small_grid, lemuel_fruit_tree
Lair:2:   layout_loops_ring, guppyfry_lair_drakes, lemuel_fruit_fields,
          uniq_fannar
Lair:3:   layout_long_grid
Lair:4:   layout_small_grid, elwin_shoals_entry_stream, dummy_snake_entry,
          gammafunk_ghost_grave
Lair:5:   layout_gridlike
Lair:6:   hangedman_lair_caniforms_friends, layout_regular_city,
          dpeg_slime_entry_corner, grunt_megastairs_4
Shoals:1: layout_shoals, ebering_ghost_disaster_area
Shoals:2: layout_shoals, uniq_aizul
Shoals:3: layout_shoals, st_sunken_huts, uniq_roxanne
Shoals:4: shoals_end_simple, layout_shoals
Snake:1:  layout_rooms
Snake:2:  layout_chambers, ebering_ghost_reflecting_pool
Snake:3:  layout_chambers, uniq_mara
Snake:4:  snake_pit_salamanders_mu, layout_cave_town, serial_shops, shop_coins,
          shop_fountains, shop, basic_altar, uniq_vashnia
Slime:1:  layout_caves
Slime:2:  layout_caves
Slime:3:  layout_caves
Slime:4:  layout_caves
Slime:5
Orc:1:    layout_caves, special_room [special_room_orc],
          david_defended_altar_orc
Orc:2:    pubby_orc_utopia, serial_shops
Elf:1:    layout_gridlike, serial_shops, shop_statue, hangedman_elf_represent,
          grunt_megastairs_3, uniq_agnes, uniq_donald
Elf:2:    layout_gridlike, mu_enter_wizlab_4
Elf:3:    minmay_elf_hall_x, layout_loops_corners, lemuel_flame_loot_1,
          uniq_nikola
Vaults:1: v_misc_26, v_misc_10, grunt_vaults_swirl, vaults_room_hallway,
          nicolae_vaults_little_squares_6, v_pattern_1,
          nicolae_vaults_little_squares_2, v_misc_24, grunt_vaults_hallway_long,
          v_misc_15, layout_vaults_maze_snakey
Vaults:2: nicolae_vaults_minivaults, grunt_vaults_bifocal, v_misc_14, v_misc_1,
          nicolae_vaults_circle_grid_b, vaults_room_door_hall,
          vaults_room_boxed, nicolae_vaults_triangles,
          ontoclasm_vaults_ligature, ontoclasm_vaults_gateway,
          nicolae_vaults_yaktaur_gun_rack, nicolae_vaults_network_quinsquares
          [nicolae_vaults_network_quincunx_subvault,
          nicolae_vaults_network_quincunx_subvault,
          nicolae_vaults_network_quincunx_subvault,
          nicolae_vaults_network_quincunx_subvault], nicolae_vaults_little_ls,
          nicolae_vaults_rhombus_5, v_misc_15, layout_vaults_omnibox, uniq_boris
Vaults:3: v_misc_12, vaults_dpeg_ring, vaults_mumra_hexcomb,
          vaults_dpeg_diagonal, minmay_crypt_entry_skeletal_spiral,
          ontoclasm_vaults_chip, hangedman_vaults_impose, st_octagons_2,
          layout_vaults_big_room
Vaults:4: gammafunk_vaults_ghost_fury_of_okawaru, st_more_cells,
          vaults_mumra_chevron, v_alt_pattern_1, nicolae_vaults_network_quincunx
          [nicolae_vaults_network_quincunx_subvault,
          nicolae_vaults_network_quincunx_subvault,
          nicolae_vaults_network_quincunx_subvault,
          nicolae_vaults_network_quincunx_subvault,
          nicolae_vaults_network_quincunx_subvault], ontoclasm_vaults_chip,
          ontoclasm_vaults_eye, v_rooms_1, hangedman_vaults_trim,
          vaults_dpeg_doors, vaults_room_corners, v_misc_25,
          layout_vaults_big_cross, serial_shops, nicolae_shop_waterfront,
          enter_trove_0, portal_desolation_entry_nicolae_slug, uniq_saint_roka
Vaults:5
Depths:1: layout_forbidden_donut, grunt_hell_entry_demonic_statue,
          ebering_ghost_rock_garden, serial_sigils_hangedman_etch,
          minmay_checkered_concentric_circles, serial_bayou_shore_b,
          uniq_asterion
Depths:2: minmay_tile_spiral, layout_gridlike, enter_ziggurat_d,
          grunt_hell_entry_dis_mu, hangedman_decor_opposing,
          gammafunk_ghost_ooze, infiniplex_staircase_9_rooms,
          kennysheep_random_hallway
Depths:3: minmay_the_grid_four_pointed_star_mashed
          [minmay_the_grid_triangle_9x9_sprig,
          minmay_the_grid_triangle_9x9_corruption,
          minmay_the_grid_triangle_9x9_descending_squares,
          minmay_the_grid_triangle_9x9_zippers_vertical,
          minmay_the_grid_prize_trominoes], layout_gridlike, pf_coc_iceberg,
          minmay_misc_feat_pillars, serial_shops,
          nicolae_shop_overgrown_old_shop, pan_entry
Depths:4: kennysheep_room_grid, layout_gridville, abyss_entry, hell_entry,
          hangedman_stitches_earthworm, infiniplex_staircase_x
Depths:5: grunt_zot_entry_funnels, layout_cave_pools, hell_entry,
          guppyfry_shop_venom

Skill      XL: |  1  2  3  4  5  6  7  8  9 10 11 12 13 14 15 16 17 18 19 20 21 22 23 24 25 26 |
---------------+-------------------------------------------------------------------------------+-----
Conjurations   | 2 3 4 6 7 8 10 12 13 15 17 19 20 21 | 21.0
Fire Magic     | 4 5 6 8 9 10 12 14 15 17 19 20 21 | 21.0
Spellcasting   | 4 5 6 7 9 10 11 14 15 17 20 23 24 | 24.0
Earth Magic    | 4 6 8 11 15 | 15.0
Shields        | 3 5 |  5.0
Dodging        | 4 10 | 10.0
Fighting       | 2 6 8 |  8.0
Summonings     | 4 5 |  5.0
Necromancy     | 8 13 15 16 | 16.0
Transmutations | 7 12 14 | 14.9
Charms         | 4 7 |  7.0
Air Magic      | 2 6 |  6.0
Evocations     | 6 10 | 10.0
Stealth        | 7 12 | 12.0
Translocations | 2 12 16 | 16.0

Action                   |  1- 3 |  4- 6 |  7- 9 | 10-12 | 13-15 | 16-18 | 19-21 | 22-24 | 25-27 || total
-------------------------+-------+-------+-------+-------+-------+-------+-------+-------+-------++-------
Melee: Dagger            |     9 |     3 |    77 |    20 |     6 |       |       |       |       ||   115
       Staff             |       |       |    13 |     1 |     3 |     3 |     1 |       |       ||    21
       Quarterstaff      |       |       |    18 |       |       |       |       |       |       ||    18
Throw: Stone             |       |       |       |     1 |     3 |       |       |     1 |     6 ||    11
 Cast: Flame Tongue      |    78 |   119 |   174 |   333 |   614 |       |       |       |       ||  1318
       Throw Flame       |     1 |    24 |    77 |    68 |   159 |       |       |       |       ||   329
       Sticky Flame      |       |     2 |    18 |    86 |   117 |     3 |       |       |       ||   226
       Fireball          |       |       |     9 |    19 |    47 |    20 |    24 |     4 |     1 ||   124
       Conjure Flame     |       |       |     2 |     3 |     7 |       |       |       |       ||    12
       Sandblast         |       |       |       |       |    70 |       |       |       |       ||    70
       Bolt of Fire      |       |       |       |       |   150 |   217 |   315 |   373 |    84 ||  1139
       Stone Arrow       |       |       |       |       |    16 |    53 |    47 |    34 |    14 ||   164
       Iron Shot         |       |       |       |       |    39 |    56 |    89 |    82 |    31 ||   297
       Bolt of Magma     |       |       |       |       |    11 |     3 |       |       |       ||    14
       Blink             |       |       |       |       |     4 |       |       |       |       ||     4
       Spellforged Servi |       |       |       |       |     1 |     7 |     1 |     2 |       ||    11
       Ignition          |       |       |       |       |       |    17 |    29 |     6 |    10 ||    62
       Fire Storm        |       |       |       |       |       |       |    33 |    92 |    47 ||   172
       Deflect Missiles  |       |       |       |       |       |       |       |     4 |       ||     4
       Necromutation     |       |       |       |       |       |       |       |    64 |    37 ||   101
       Controlled Blink  |       |       |       |       |       |       |       |       |     2 ||     2
Evoke: Wand              |       |       |       |     5 |     1 |       |       |       |       ||     6
       Crystal ball of e |       |       |       |       |       |       |       |       |     2 ||     2
  Use: Scroll            |     2 |     5 |     7 |    22 |     7 |     5 |    10 |    13 |     4 ||    75
       Potion            |       |     4 |     2 |     1 |     4 |     5 |     2 |     5 |     5 ||    28
  Eat: Chunk             |       |     6 |     8 |    17 |    35 |     2 |    27 |     3 |       ||    98
       Ration            |       |       |     2 |     3 |     7 |     8 |     5 |     4 |       ||    29
Armor: Robe              |     7 |     8 |    63 |    77 |    69 |     9 |    12 |    13 |     4 ||   262
Dodge: Dodged            |    24 |    35 |    99 |   119 |   264 |    67 |    69 |    31 |    33 ||   741
       Deflected         |       |       |       |       |       |       |       |    20 |     6 ||    26
Block: Buckler           |       |       |       |    45 |   102 |    29 |    25 |    15 |     9 ||   225

Table legend:
 A = Non-vault XP
 B = Vault XP
 C = Vault XP percentage of total XP
 D = Non-vault monster count
 E = Vault monster count
 F = Vault count percentage of total count
                 A         B        C        D         E       F
            +---------+---------+-------+---------+---------+-------
      Total |  677896 |  652933 |  49.1 |    1358 |     993 |  42.2
            +---------+---------+-------+---------+---------+-------
        D:1 |      62 |       0 |   0.0 |      32 |       0 |   0.0
        D:2 |     106 |      25 |  19.1 |      29 |       7 |  19.4
        D:3 |     152 |     100 |  39.7 |      27 |       2 |   6.9
        D:4 |     676 |      92 |  12.0 |      30 |       2 |   6.2
        D:5 |     293 |     238 |  44.8 |       5 |       1 |  16.7
        D:6 |     677 |     540 |  44.4 |      13 |      59 |  81.9
        D:7 |    1312 |     268 |  17.0 |      19 |       1 |   5.0
        D:8 |    1170 |       0 |   0.0 |      36 |       0 |   0.0
        D:9 |    1165 |       0 |   0.0 |      17 |       0 |   0.0
       D:10 |    3215 |    3060 |  48.8 |      19 |       3 |  13.6
       D:11 |    6684 |       0 |   0.0 |      36 |       0 |   0.0
       D:12 |    5277 |    2244 |  29.8 |      41 |       6 |  12.8
       D:13 |     828 |    6423 |  88.6 |       6 |      16 |  72.7
       D:14 |    4978 |    1554 |  23.8 |      22 |       2 |   8.3
       D:15 |   12634 |    4693 |  27.1 |      30 |       8 |  21.1
     Lair:1 |    2998 |    1266 |  29.7 |      14 |       6 |  30.0
     Lair:2 |    2988 |    1682 |  36.0 |      12 |       5 |  29.4
     Lair:3 |    1554 |       0 |   0.0 |       8 |       0 |   0.0
     Lair:4 |    6268 |    2754 |  30.5 |      19 |       5 |  20.8
     Lair:5 |    3521 |       0 |   0.0 |      14 |       0 |   0.0
     Lair:6 |    6647 |   11061 |  62.5 |      22 |      58 |  72.5
   Shoals:1 |    9021 |    1230 |  12.0 |      18 |       1 |   5.3
   Shoals:2 |   18091 |    1363 |   7.0 |      36 |       1 |   2.7
   Shoals:3 |   24207 |    7889 |  24.6 |      41 |      10 |  19.6
   Shoals:4 |   18220 |   21070 |  53.6 |      35 |      34 |  49.3
    Snake:1 |   14673 |       0 |   0.0 |      30 |       0 |   0.0
    Snake:2 |   19493 |       0 |   0.0 |      37 |       0 |   0.0
    Snake:3 |   10663 |    7558 |  41.5 |      18 |       1 |   5.3
    Snake:4 |   20492 |   59110 |  74.3 |      36 |      77 |  68.1
    Slime:1 |   15828 |       0 |   0.0 |      27 |       0 |   0.0
    Slime:2 |    4160 |       0 |   0.0 |       5 |       0 |   0.0
    Slime:3 |   31038 |       0 |   0.0 |      24 |       0 |   0.0
    Slime:4 |    3326 |       0 |   0.0 |       6 |       0 |   0.0
    Slime:5 |    6929 |   25631 |  78.7 |      16 |      11 |  40.7
      Orc:1 |    1284 |    3476 |  73.0 |      22 |      34 |  60.7
      Orc:2 |       0 |   21101 | 100.0 |       0 |     134 | 100.0
      Elf:1 |   19439 |   10054 |  34.1 |      34 |      11 |  24.4
      Elf:2 |   20233 |   23799 |  54.0 |      31 |      30 |  49.2
      Elf:3 |   17336 |   48290 |  73.6 |      26 |      33 |  55.9
   Vaults:1 |   42891 |   12180 |  22.1 |      74 |      23 |  23.7
   Vaults:2 |   39657 |   29308 |  42.5 |      54 |      34 |  38.6
   Vaults:3 |   25981 |   32797 |  55.8 |      43 |      45 |  51.1
   Vaults:4 |   45739 |   43419 |  48.7 |      59 |      44 |  42.7
   Vaults:5 |   28650 |  107919 |  79.0 |      44 |      76 |  63.3
   Depths:1 |   30327 |   17181 |  36.2 |      43 |      33 |  43.4
   Depths:2 |   37444 |   65029 |  63.5 |      43 |      55 |  56.1
   Depths:3 |   23589 |   10204 |  30.2 |      32 |       8 |  20.0
   Depths:4 |   12544 |    7577 |  37.7 |      18 |      14 |  43.8
   Depths:5 |   73436 |   25828 |  26.0 |      55 |      18 |  24.7
      IceCv |       0 |    5614 | 100.0 |       0 |      28 | 100.0
     WizLab |       0 |   29306 | 100.0 |       0 |      57 | 100.0
            +---------+---------+-------+---------+---------+-------
